cohdb
Replays
Latest Replays
All Replays
Popular Replays
Top Player Replays
Match Explorer
How It Works
Community
CoH3 Stats
Reddit
Sign in to upload your games and track your stats! →
Sign in with Steam
Match 42697611
Unlisted
Match 42697611
Overview
Messages
Build Orders
End
Kettenkrad Recon Vehicle
Construct Infanterie Kompanie
Selects Breakthrough Battlegroup
MG 42 Machine Gun Team
Grenadier Squad
Selects Assault Grenadiers
Grenadier Squad
Grenadier Squad
Infanterie Officer Quarters
Construct Panzergrenadier Kompanie
251 Medium Carrier
Kettenkrad Recon Vehicle
Pak 40 Anti-tank Gun Team
Panzergrenadier Squad
Grenadier Squad
Construct Panzer Kompanie
Selects 2.5-tonne Cargo Truck
Selects Blitzkrieg
2.5-tonne Cargo Truck
Grenadier Squad
Selects Tiger Heavy Tank
Tiger Heavy Tank
Pioneer Squad
Selects Smoke Bombing Run
Panzergrenadier Squad
Smoke Bombing Run
Sturmpanzer IV Brummbär
Panzergrenadier Squad
Selects Incendiary Bombing Run
Incendiary Bombing Run
Incendiary Bombing Run
Sturmpanzer IV Brummbär
Pioneer Squad
Pioneer Squad
9magicfingers
Jarkke
Clowny
uter300
0
0
Comments
sign in to comment!
No comments posted yet!